 Dungeon Crawl Stone Soup version 0.30.1-4-g462c640d31 (webtiles) character file.

Game seed: 15300099238252376345

795 Peloso the Slasher (level 7, 0/61 HPs)
             Began as a Minotaur Fighter on Aug 18, 2023.
             Was a Follower of Okawaru.
             Slain by a sky beast (5 damage)
             ... on level 6 of the Dungeon.
             The game lasted 00:07:13 (3923 turns).

Peloso the Slasher (Minotaur Fighter)               Turns: 3923, Time: 00:07:13

Health: 0/61       AC: 10    Str: 21    XL:     7   Next: 58%
Magic:  6/6        EV:  8    Int:  5    God:    Okawaru [*.....]
Gold:   249        SH:  5    Dex: 11    Spells: 6/6 levels left

rFire   . . .        a - +0 long sword
rCold   . . .        d - +0 buckler
rNeg    . . .        c - +0 chain mail
rPois   .            (helmet restricted)
rElec   .            (no cloak)
rCorr   .            (no gloves)
SInv    .            (no boots)
Will    .....        (no amulet) Stlth
                     (no ring)
HPRegen 0.30/turn    (no ring)
MPRegen 0.10/turn

%: no passive effects
@: no status effects
A: horns 2, retaliatory headbutt
a: Renounce Religion, Heroism


You were on level 6 of the Dungeon.
You worshipped Okawaru.
Okawaru was aware of your devotion.
You visited 2 branches of the dungeon, and saw 7 of its levels.

You collected 249 gold pieces.

Inventory:

Hand Weapons
 a - a +0 long sword (weapon)
Missiles
 h - a throwing net (quivered)
Armour
 b - a +0 scale mail
 c - a +0 chain mail (worn)
 d - a +0 buckler (worn)
Jewellery
 f - a ring of wizardry
Wands
 v - a wand of light (10)
Scrolls
 i - a scroll of enchant weapon {unknown}
 k - 5 scrolls of teleportation
 l - a scroll of poison {unknown}
 n - a scroll of identify
 p - 2 scrolls of fear
Potions
 e - 2 potions of lignification
 g - a potion of berserk rage
 j - a potion of might
 m - a potion of brilliance
 q - a potion of resistance {unknown}
 r - 2 potions of attraction {unknown}
 s - 2 potions of cancellation {unknown}
 t - a potion of flight {unknown}
 u - a potion of haste {unknown}


   Skills:
 + Level 5.1 Fighting
 + Level 6.7 Long Blades
 + Level 6.2 Armour
 + Level 2.2 Dodging
 + Level 0.3 Stealth
 + Level 5.3 Shields


You had 6 spell levels left.
You didn't know any spells.
Your spell library contained the following spells:

 Spells                   Type           Power      Damage    Failure   Level
 Ozocubu's Armour         Ice            0%         N/A       100%        3
 Ozocubu's Refrigeration  Ice            0%         4d7       100%        7


Dungeon Overview and Level Annotations

Branches:
Dungeon (6/15)             Temple (1/1) D:4

Altars:
Cheibriados
Fedhas
Nemelex Xobeh
Okawaru
Ru
Trog
Uskayaw
Xom
Yredelemnul

Shops:
D:1 (   D:5 =


Innate Abilities, Weirdness & Mutations

You have a pair of horns on your head.
You reflexively headbutt those who attack you in melee.


Message History

Something hits you but does no damage.
You miss something. Your headbutt misses something.
Something hits you but does no damage.
You miss something. Your headbutt misses something.
Something hits you but does no damage. x2
You hit something. You headbutt something.
Something hits you but does no damage.
You closely miss something. Something hits you but does no damage.
You closely miss something. Something hits you but does no damage.
You miss something. Something hits you but does no damage.
You miss something. Something hits you. Something shocks you.
You barely miss something. Something hits you but does no damage.
You closely miss something. Your headbutt misses something. Something hits you.
Something shocks you.
You miss something. Your headbutt misses something. Something hits you.
Something shocks you.
* * * LOW HITPOINT WARNING * * *
Something hits you but does no damage.
You slash something! Something hits you but does no damage.
You barely miss something. Your headbutt misses something.
Something hits you but does no damage.
You miss something. Something hits you but does no damage.
You barely miss something. Your headbutt misses something. Something hits you.
* * * LOW HITPOINT WARNING * * *
Something shocks you.
* * * LOW HITPOINT WARNING * * *
You barely miss something.
A sky beast appears from thin air!
Reactivating autopickup.
You block the sky beast's attack.
You barely miss the sky beast.
The sky beast is almost dead.
The sky beast flickers out of sight!
Deactivating autopickup; reactivate with Ctrl-A.
Something hits you but does no damage.
You closely miss something. Your headbutt misses something.
Something hits you but does no damage.
You miss something. Something hits you.
* * * LOW HITPOINT WARNING * * *
Something shocks you.
You die...

### #..
#.. ##.
##.## #..
.!. #.#
#{# #.#
#@# ...
#........
#.#
#.......#
#.##.##
####....#
#<.....
....#
####.##
...# ..#
..#


There were no monsters in sight!

Vanquished Creatures
  Menkaure (D:5)
  A black bear (D:5)
  A centaur (D:5)
  Blork the orc (D:4)
  A bullfrog (D:6)
  A howler monkey (D:3)
  4 hounds
  Crazy Yiuf (D:5)
  6 gnolls
  2 adders (D:2)
  A white imp (D:5)
  An ufetubus (D:5)
  2 worms
  2 dart slugs (D:2)
  5 orcs
  5 endoplasms
  5 giant cockroaches
  5 goblins
  5 hobgoblins
  18 jackals
  6 kobolds
  9 quokkas
  4 ball pythons
  3 bats
  3 frilled lizards
  8 rats
101 creatures vanquished.

Notes
Turn   | Place    | Note
-------+----------+-------------------------------------------
     0 | D:1      | Peloso the Minotaur Fighter began the quest for the Orb.
     0 | D:1      | Reached XP level 1. HP: 19/19 MP: 0/0
   198 | D:1      | Found Cuimuel's Weapon Shop.
   222 | D:1      | Reached XP level 2. HP: 27/27 MP: 1/1
   901 | D:2      | Reached XP level 3. HP: 33/33 MP: 2/2
  1283 | D:2      | You fall into a shaft and drop 1 floor!
  1285 | D:3      | Found a faded altar of an unknown god.
  1325 | D:3      | Reached XP level 4. HP: 41/41 MP: 3/3
  1737 | D:3      | Reached skill level 1 in Dodging
  1743 | D:3      | Reached XP level 5. HP: 44/47 MP: 4/4
  1907 | D:4      | Noticed Blork the orc
  1918 | D:4      | Killed Blork the orc
  1919 | D:4      | Reached XP level 6. HP: 9/55 MP: 5/5
  2079 | D:4      | Found a staircase to the Ecumenical Temple.
  2087 | Temple   | Entered the Ecumenical Temple
  2159 | Temple   | Became a worshipper of Warmaster Okawaru
  2219 | D:4      | Reached skill level 5 in Long Blades
  2407 | D:4      | Reached skill level 5 in Armour
  2836 | D:5      | Entered Level 5 of the Dungeon
  2959 | D:5      | Noticed Menkaure
  2966 | D:5      | Killed Menkaure
  2967 | D:5      | Reached skill level 5 in Shields
  3046 | D:5      | Reached * piety under Okawaru
  3047 | D:5      | Reached skill level 5 in Fighting
  3047 | D:5      | Reached XP level 7. HP: 49/61 MP: 6/6
  3403 | D:5      | Found Ewukhluha's Jewellery Emporium.
  3761 | D:5      | Found a runed translucent door.
  3762 | D:5      | Noticed Crazy Yiuf
  3769 | D:5      | Killed Crazy Yiuf
  3923 | D:6      | Slain by a sky beast

Illustrated notes

Levels and vault maps discovered:
D:1:      minmay_arrival_four_houses, layout_loops_ring, serial_shops, shop,
          bh_walls_and_bars
D:2:      layout_basic, amcnicky_mini_pool_small, minmay_between
D:3:      lemuel_castle_with_subvaults [lemuel_castle_interior_original],
          layout_basic, serial_shops, nicolae_shop_competitors_out_of_business,
          ebering_ecumenical_altar_box, minmay_bisected
D:4:      layout_basic, minmay_temple_entry_glassed_door, uniq_blork_the_orc
D:5:      layout_basic, serial_shops, nicolae_shop_behind_doors,
          uniq_crazy_yiuf_cottage, uniq_menkaure
D:6:      layout_loops_cross, gup_sewer_entry_bowl, uniq_pikel, uniq_eustachio
Temple:   nicolae_temple_slightly_damp_pantheon

Skill      XL: |  1  2  3  4  5  6  7 |
---------------+----------------------+-----
Shields        | 4 5 |  5.3
Fighting       | 4 5 |  5.1
Long Blades    | 3 4 6 |  6.7
Armour         | 4 5 6 |  6.2
Dodging        | 1 2 |  2.2
Stealth        | |  0.3

Action                     |  1- 3 |  4- 6 |  7- 9 || total
---------------------------+-------+-------+-------++-------
  Melee: Long sword        |   103 |   108 |    65 ||   276
         Headbutt          |     5 |    23 |    11 ||    39
    Use: Potion            |     2 |     1 |       ||     3
         Scroll            |     5 |       |     3 ||     8
 Armour: Scale mail        |    57 |       |       ||    57
         Chain mail        |       |    59 |    41 ||   100
  Dodge: Dodged            |    60 |    60 |    16 ||   136
  Block: Buckler           |    24 |    33 |    13 ||    70
